 Dungeon Crawl Stone Soup version 0.24.0-125-gc4c63601f3 (webtiles) character file.

Game seed: 10343544185927945222, levelgen mode: deterministic

16 Gynju the Firebug (level 2, -4/20 HPs)
             Began as a Draconian Fire Elementalist on Feb 23, 2020.
             Slain by a hound (5 damage)
             ... on level 1 of the Dungeon.
             The game lasted 00:01:19 (1173 turns).

Gynju the Firebug (Draconian Fire Elementalist)     Turns: 1173, Time: 00:01:20

Health: -4/20      AC:  4    Str: 10    XL:     2   Next: 37%
Magic:  0/5        EV: 12    Int: 15    God:
Gold:   107        SH:  0    Dex: 11    Spells: 5/6 levels left

rFire    . . .     SeeInvis .   e - +0 whip
rCold    . . .     Gourm    .   (no shield)
rNeg     . . .     Faith    .   (armour unavailable)
rPois    .         Spirit   .   (helmet restricted)
rElec    .         Reflect  .   (no cloak)
rCorr    .         Harm     .   (no gloves)
MR       .....                  (no boots)
Stlth    ++........             (no amulet)
HPRegen  0.06/turn              (no ring)
MPRegen  0.09/turn              (no ring)

@: very slightly contaminated
A: unfitting armour, cold-blooded, AC +4
a: no special abilities


You were on level 1 of the Dungeon.
You were hungry.

You visited 1 branch of the dungeon, and saw 2 of its levels.

You collected 107 gold pieces.

Inventory:

Hand Weapons
 e - a +0 whip (weapon)
Jewellery
 h - an uncursed amulet of the gourmand {unknown}
 k - a +2 ring of intelligence {unknown}
Scrolls
 a - 2 scrolls of fear {unknown}
 d - 2 scrolls of identify {unknown}
 f - a scroll of remove curse {unknown}
Potions
 c - 2 potions of might {unknown}
 g - a potion of degeneration {unknown}
 i - 2 potions of magic {unknown}
 j - a potion of heal wounds {unknown}
Comestibles
 b - 2 rations


   Skills:
 - Level 1.7 Dodging
 + Level 1.7 Stealth
 + Level 2.9 Spellcasting
 - Level 1.0 Conjurations
 - Level 3.0 Fire Magic


You had 5 spell levels left.
You knew the following spells:

 Your Spells              Type           Power        Failure   Level  Hunger
a - Flame Tongue          Conj/Fire      #....        9%          1    #......

Your spell library contained the following spells:

 Spells                   Type           Power        Failure   Level  Hunger
 Throw Flame              Conj/Fire      #.....       14%         2    ##.....
 Conjure Flame            Conj/Fire      #.......     26%         3    ###....
 Inner Flame              Hex/Fire       #.......     32%         3    ###....
 Sticky Flame             Conj/Fire      #.......     65%         4    #####..
 Fireball                 Conj/Fire      #.........   94%         5    ######.


Dungeon Overview and Level Annotations

Branches:
Dungeon (2/15)

Altars:


Innate Abilities, Weirdness & Mutations

Your plain brown scales are hard. (AC +4)
You cannot fit into any form of body armour.
You are cold-blooded and may be slowed by cold attacks.


Message History

Aim: a hound (heavily wounded)
The flame tongue hits the hound.
The hound is severely wounded.
The hound closely misses you.
Casting: Flame Tongue (safe; 9% risk of failure)
Confirm with . or Enter, or press ? or * to list all spells.
You don't have enough magic to cast that spell.
Casting: Flame Tongue (safe; 9% risk of failure)
Confirm with . or Enter, or press ? or * to list all spells.
You don't have enough magic to cast that spell.
Casting: Flame Tongue (safe; 9% risk of failure)
Confirm with . or Enter, or press ? or * to list all spells.
You don't have enough magic to cast that spell.
The hound closely misses you. The hound bites you. The hound bites you.
* * * LOW HITPOINT WARNING * * *
The hound bites you.
* * * LOW HITPOINT WARNING * * *
The hound bites you.
You die...

#.......'........
##....####........
#....## ##.......
#.#.## ##.....#
#...# ##...## ###.#
##'### #.# #####.# #
#####.######...#.# #
#.h@......##...#.###
#.###.###.##........
#.# #.###......#####
#.# #..........# #
#.# #####......# #
#.#######.##...# #
#.......>.##...#####
############........
####.....


You could see a hound.

Vanquished Creatures
  A dart slug (D:1)
  2 giant cockroaches (D:1)
  3 goblins (D:1)
  A hobgoblin (D:1)
  A ball python (D:1)
  2 bats (D:1)
  3 kobolds (D:1)
  A rat (D:1)
14 creatures vanquished.

Notes
Turn   | Place    | Note
-------+----------+-------------------------------------------
     0 | D:1      | Gynju the Draconian Fire Elementalist began the quest for
                  | the Orb.
     0 | D:1      | Reached XP level 1. HP: 14/14 MP: 3/3
   436 | D:1      | Reached XP level 2. HP: 20/20 MP: 0/5
  1171 | D:1      | HP: 1/20 [hound (1)]
  1173 | D:1      | Slain by a hound

Levels and vault maps discovered:
D:1:      elethiomel_arrival_infinity_welcomes_careful_drivers,
          layout_loops_corners
D:2:      layout_loops_ring, marbit_many_paths, okawaru_altar_gauntlet_db,
          kennysheep_nub, kennysheep_nondescript, minmay_liquid_box,
          item_on_display_b

Action                   || total
-------------------------++-------
Melee: Whip              ||     6
       Unarmed           ||     2
 Cast: Flame Tongue      ||    29
Armor: Skin              ||    11
Dodge: Dodged            ||    39
